 Dungeon Crawl Stone Soup version 0.20.0-15-g7f486f2 (webtiles) character file.

237 polve the Skirmisher (level 6, -2/37 HPs)
             Began as a Vine Stalker Fighter on July 1, 2017.
             Slain by Grinder (4 damage)
             ... while paralysed by Grinder
             ... on level 3 of the Dungeon.
             The game lasted 00:03:00 (2357 turns).

polve the Skirmisher (Vine Stalker Fighter)         Turns: 2357, Time: 00:03:01

Health: -2/37      AC:  7    Str: 18    XL:     6   Next: 6%
Magic:  0/7        EV:  2    Int:  8    God:
Gold:   129        SH:  0    Dex: 21    Spells: 5/5 levels left

rFire    . . .     SeeInvis .   a - +0 long sword
rCold    . . .     Gourm    .   c - +0 shield
rNeg     . . .     Faith    .   b - +0 scale mail
rPois    .         Spirit   +   r - +0 helmet
rElec    .         Reflect  .   (no cloak)
rCorr    .         Harm     .   (no gloves)
MR       .....                  (no boots)
Stlth    ..........             (no amulet)
Regen    0.6/turn               g - +5 ring of dexterity
MPRegen  0.1/turn               (no ring)

@: paralysed
A: fangs 2, regeneration 1, robust 1, magic shield, antimagic bite, no potion
heal 3, rot immunity, sturdy frame 1
a: no special abilities


You were on level 3 of the Dungeon.
You were not hungry.

You visited 1 branch of the dungeon, and saw 3 of its levels.

You collected 129 gold pieces.

Inventory:

Hand Weapons
 a - a +0 long sword (weapon)
Armour
 b - a +0 scale mail (worn)
 c - a +0 shield (worn)
 r - a +0 helmet (worn)
Jewellery
 g - a +5 ring of dexterity (left hand)
Wands
 q - a wand of polymorph (16/24)
 s - a wand of flame (20/48)
Scrolls
 i - a scroll of fear {unknown}
 j - 7 scrolls of identify {unknown}
 l - 2 scrolls of enchant armour {unknown}
 p - a scroll of blinking {unknown}
Potions
 d - a potion of mutation
 e - 2 potions of curing {unknown}
 k - a potion of agility {unknown}
 m - a potion of magic {unknown}
Comestibles
 f - 2 bread rations
 h - 3 royal jellies
 n - a meat ration
 o - 12 chunks of flesh


   Skills:
 + Level 4.4 Fighting
 + Level 4.2 Long Blades
 - Level 2.4 Armour
 - Level 2.6 Shields


You had 5 spell levels left.
You didn't know any spells.

Dungeon Overview and Level Annotations

Branches:
Dungeon (3/15)

Altars:
Cheibriados
Fedhas

Annotations:
D:3 1 runed door, Grinder


Innate Abilities, Weirdness & Mutations

You have extremely sharp teeth.
Your natural rate of healing is unusually fast.
When hurt, damage is shared between your health and your magic reserves.
Your bite disrupts and absorbs the magic of your enemies.
Potions cannot restore your health.
You are immune to rotting.
You are robust. (+10% HP)
Your movements are slightly less encumbered by armour. (ER -2)


Message History

You drain her magic.
You feel invigorated.
Grinder is severely wounded.
Grinder gestures at you. Pain shoots through your body!
* * * LOW HITPOINT WARNING * * *
You slash Grinder! Your bite misses Grinder.
Grinder is almost dead.
Grinder hits you!
* * * LOW HITPOINT WARNING * * *
You writhe in agony.
* * * LOW HITPOINT WARNING * * *
Grinder hits you.
* * * LOW HITPOINT WARNING * * *
Your shield prevents you from hitting Grinder.
Your bite misses Grinder.
Grinder is almost dead.
Grinder gestures at you.
You suddenly lose the ability to move!
Grinder hits you.
You die...

#.. #.# #.# #.# #.#
#.# . #5#
....###@########
......†........#
....###.#####..# ..
#.#####..###
...........#######
##.................
#######.....#####.
#...........
##....######


You could see Grinder.

Vanquished Creatures
  An orc priest (D:3)
  Natasha (thrice) (D:2)
  Robin (D:3)
  4 adders
  An ooze (D:1)
  A worm (D:3)
  3 dart slugs (D:1)
  3 leopard geckos
  6 orcs (D:3)
  A ball python (D:1)
  2 giant cockroaches
  9 goblins
  8 hobgoblins
  11 bats
  A frilled lizard (D:2)
  6 kobolds
  6 rats
67 creatures vanquished.

Notes
Turn   | Place    | Note
-------+----------+-------------------------------------------
     0 | D:1      | polve the Vine Stalker Fighter began the quest for the Orb.
     0 | D:1      | Reached XP level 1. HP: 11/11 MP: 2/2
   320 | D:1      | Reached XP level 2. HP: 15/16 MP: 1/3
   496 | D:1      | Reached XP level 3. HP: 18/20 MP: 4/4
  1439 | D:2      | Noticed Natasha
  1449 | D:2      | Killed Natasha
  1449 | D:2      | Gained mutation: Your natural rate of healing is unusually fast. [Vine Stalker growth]
  1449 | D:2      | Reached XP level 4. HP: 6/25 MP: 1/5
  1569 | D:2      | Noticed Natasha
  1579 | D:2      | Killed Natasha
  1579 | D:2      | Reached XP level 5. HP: 29/29 MP: 6/6
  1649 | D:2      | Noticed Natasha
  1658 | D:2      | Killed Natasha
  1816 | D:2      | Found a blossoming altar of Fedhas.
  1938 | D:3      | Noticed Robin
  1956 | D:3      | Killed Robin
  2161 | D:3      | Found a runed door.
  2224 | D:3      | Reached XP level 6. HP: 27/34 MP: 7/7
  2256 | D:3      | Found a snail-covered altar of Cheibriados.
  2288 | D:3      | Found a faded altar of an unknown god.
  2329 | D:3      | Noticed Grinder
  2349 | D:3      | Gained mutation: Your movements are slightly less encumbered by armour. (ER -2) [potion of mutation]
  2349 | D:3      | Gained mutation: You are robust. (+10% HP) [potion of mutation]
  2355 | D:3      | HP: 1/37 [Grinder (2)]
  2356 | D:3      | Paralysed by Grinder for 3 turns
  2357 | D:3      | Slain by Grinder

Skill      XL: |  1  2  3  4  5 |
---------------+----------------+-----
Long Blades    | 2 3 4 |  4.2
Fighting       | 3 4 |  4.4
Armour         | |  2.4
Shields        | |  2.6

Action                   |  1- 3 |  4- 6 || total
-------------------------+-------+-------++-------
Melee: Long sword        |    70 |   123 ||   193
       Bite              |    20 |    60 ||    80
  Use: Potion            |     1 |     1 ||     2
  Eat: Chunk             |     2 |     3 ||     5
Armor: Scale mail        |    28 |    43 ||    71
Dodge: Dodged            |    19 |    37 ||    56
Block: Shield            |    33 |    71 ||   104
       Rpst.: Long sword |     7 |    19 ||    26
